 Dungeon Crawl Stone Soup version 0.14-a0-1330-g3eed206 (webtiles) character file.

2760 Chiseanne the Nimble (level 9, -27/46 HPs)
             Began as a Spriggan Wanderer on Dec 6, 2013.
             Killed from afar by zkyp's ghost (36 damage)
             ... with a bolt of poison
             ... on Level 8 of the Dungeon.
             The game lasted 00:38:29 (9128 turns).

Chiseanne the Nimble (Spriggan Wanderer)            Turns: 9128, Time: 00:38:29

HP -27/46        AC  7     Str 14      XL: 9   Next: 32%
MP  22/22        EV 27     Int 12      God:
Gold 177         SH 14     Dex 19      Spells:  0 memorised,  8 levels left

rFire  + . .     SeeInvis +     s - +1,+2 dwarf hammer (holy)
rCold  . . .     Clarity  .     G - +2 orc robe
rNeg   . . .     Conserve .     B - +0 buckler
rPois  .         rCorr    .     (helmet restricted)
rElec  .         rRot     .     r - +2 cloak
SustAb . .       Spirit   .     (gloves unavailable)
rMut   .         Warding  .     (boots unavailable)
Saprov . . .     Stasis   .     (no amulet)
                                (no ring)
                                u - ring of protection from fire

@: mighty, mildly poisoned, very quick, quite resistant to hostile enchantments,
very stealthy
A: unfitting armour, see invisible, herbivore 3, speed 3, slow metabolism 2
a: no special abilities


You were on level 8 of the Dungeon.
You were hungry.

You visited 2 branches of the dungeon, and saw 9 of its levels.

You collected 219 gold pieces.
You spent 42 gold pieces at shops.

Inventory:

Hand weapons
 a - a +1,+4 orcish flail of protection
 d - a +2,+3 quarterstaff of chaos
 s - a +1,+2 dwarven hammer of holy wrath (weapon)
 D - a cursed +0,-1 hand axe
 F - a +4,+2 elven dagger of electrocution
Missiles
 h - 15 poisoned needles
 j - 4 poisoned darts
 o - 5 needles of confusion
 p - 7 tomahawks (quivered)
Armour
 r - a +2 cloak (worn)
 B - a +0 buckler (worn)
 G - a +2 orcish robe (worn)
Magical devices
 m - a wand of random effects (0)
 n - a wand of fireball (0)
 x - a wand of slowing (3)
 I - a wand of frost (0)
Comestibles
 b - 10 sultanas
 g - 7 bread rations
 k - an apple
 q - 4 chokos
 z - a snozzcumber
 C - a pear
 H - 3 meat rations
Scrolls
 w - a scroll of recharging
 y - 3 scrolls of remove curse
 E - 5 scrolls of identify
Jewellery
 u - a ring of protection from fire (left hand)
Potions
 e - 3 potions of restore abilities
 l - a potion of brilliance


   Skills:
 * Level 4.4 Fighting
 - Level 1.4 Short Blades
 * Level 3.2 Maces & Flails
 - Level 1.9 Staves
   Level 3.0 Crossbows
 * Level 11.2 Dodging
 * Level 7.1 Stealth
 * Level 2.4 Shields
   Level 1.0 Invocations
 * Level 5.5 Evocations


You had 8 spell levels left.
You didn't know any spells.

Dungeon Overview and Level Annotations

Branches:
Dungeon (8/16)             Temple (1/1) D:4
   Lair: D:8-11

Altars:
Ashenzari
Cheibriados
Elyvilon
Fedhas
Kikubaaqudgha
Makhleb
Okawaru
Sif Muna
Trog
Vehumet
Xom
Yredelemnul
Zin
the Shining One

Shops:
D:4 [   D:7 [

Annotations:
D:8 zkyp's ghost, experienced DgVM


Innate Abilities, Weirdness & Mutations

You are tiny and cannot use many weapons and most armour.
You have supernaturally acute eyesight.
You are a herbivore.
You cover ground extremely quickly.
You need consume almost no food.


Message History

You feel a little better.
You feel sick.
You feel sick.
Zkyp's ghost lets out a mournful wail.
Zkyp's ghost casts a spell at you. The bolt of poison hits you!
You are more poisoned.
* * * LOW HITPOINT WARNING * * *
Drink which item? (? for menu, Esc to quit)
You feel very mighty all of a sudden. Zkyp's ghost barely misses you.
You closely miss zkyp's ghost.
Zkyp's ghost is lightly damaged.
You feel less confused. You block zkyp's ghost's attack.
Zkyp's ghost casts a spell at you. The bolt of poison hits you!
You are more poisoned.
Ouch! That really hurt!
You die...

#######################
........%.....<........
###########..##########
#..# #..# #..#
############..######
............@.........
..........p..........
.....................
######...############
#...# #...# #...#
#########...#########
......................


You could see zkyp's ghost.

Vanquished Creatures
  Eustachio (D:5)
  A merfolk (D:7)
  A hippogriff (D:7)
  A phantom (D:6)
  3 ogres
  A centaur (D:7)
  2 water moccasins
  2 giant frogs (D:7)
  6 killer bees (D:7)
  A hippogriff skeleton (D:8)
  6 crimson imps
  3 big fish (D:7)
  2 orc priests
  Crazy Yiuf (D:2)
  4 hounds
  3 iguanas
  4 worker ants
  2 scorpions
  4 orc wizards
  5 adders
  5 worms
  An inept feature mimic (D:5)
  A giant eyeball (D:7)
  7 giant geckos
  An ooze (D:1)
  33 orcs
  15 bats
  4 giant cockroaches
  8 goblins
  15 hobgoblins
  7 kobolds
  3 quokkas
  A giant gecko skeleton (D:4)
  2 giant newts
  7 jackals
  4 rats
  A ballistomycete (D:7)
  A fungus (D:2)
169 creatures vanquished.

Vanquished Creatures (others)
  A giant spore (D:7)
1 creature vanquished.

Grand Total: 170 creatures vanquished

Notes
Turn   | Place    | Note
--------------------------------------------------------------
     0 | D:1      | Chiseanne, the Spriggan Wanderer, began the quest for the Orb.
     0 | D:1      | Reached XP level 1. HP: 11/11 MP: 2/2
   697 | D:1      | Reached XP level 2. HP: 7/16 MP: 4/4
  2097 | D:2      | Reached XP level 3. HP: 14/19 MP: 6/6
  2287 | D:2      | Found a bloodstained altar of Trog.
  2287 | D:2      | Found a burning altar of Makhleb.
  2957 | D:2      | Noticed Crazy Yiuf
  2965 | D:2      | Killed Crazy Yiuf
  2965 | D:2      | Reached skill level 4 in Dodging
  2965 | D:2      | Reached XP level 4. HP: 23/23 MP: 8/8
  3348 | D:3      | Reached skill level 5 in Dodging
  3703 | D:3      | Reached XP level 5. HP: 28/28 MP: 11/11
  4157 | D:3      | Reached skill level 1 in Staves
  4230 | D:4      | Reached XP level 6. HP: 24/32 MP: 12/14
  4592 | D:4      | Reached skill level 6 in Dodging
  4734 | D:4      | Found Grur's Armour Emporium.
  4738 | D:4      | Bought a +0 buckler for 42 gold pieces
  4753 | D:4      | Noticed an ogre
  4763 | D:4      | Killed an ogre
  4855 | D:4      | Noticed an ogre
  4864 | D:4      | Killed an ogre
  4864 | D:4      | Reached XP level 7. HP: 32/36 MP: 17/17
  4901 | D:4      | Found a staircase to the Ecumenical Temple.
  4910 | Temple   | Entered the Ecumenical Temple
  5091 | D:5      | Entered Level 5 of the Dungeon
  5235 | D:5      | Reached skill level 1 in Short Blades
  5235 | D:5      | Reached skill level 5 in Stealth
  5291 | D:5      | Reached skill level 7 in Dodging
  5405 | D:5      | Found a staircase to the Ecumenical Temple.
  5406 | D:5      | Noticed Eustachio
  5411 | D:5      | the staircase to the Ecumenical Temple was a mimic.
  5558 | D:5      | Killed Eustachio
  5558 | D:5      | Reached skill level 1 in Maces & Flails
  5976 | D:6      | Reached skill level 1 in Shields
  6121 | D:6      | Reached skill level 8 in Dodging
  6703 | D:6      | Reached XP level 8. HP: 42/42 MP: 20/20
  7156 | D:7      | Reached skill level 9 in Dodging
  7287 | D:7      | Found Ythulyrch's Antique Armour Emporium.
  7561 | D:7      | Reached skill level 5 in Evocations
  8019 | D:7      | Reached skill level 10 in Dodging
  8127 | D:7      | Reached XP level 9. HP: 45/45 MP: 22/22
  8264 | D:7      | Paralysed by a giant eyeball for 4 turns
  8451 | D:7      | Reached skill level 11 in Dodging
  9064 | D:8      | Noticed zkyp's ghost (experienced DgVM)
  9128 | D:8      | Killed from afar by zkyp's ghost

Action                   |  1- 3 |  4- 6 |  7- 9 || total
-------------------------+-------+-------+-------++-------
Melee: Dagger            |   334 |       |       ||   334
       Quarterstaff      |       |   139 |       ||   139
       Flail             |       |     8 |   216 ||   224
       Hammer            |       |       |   256 ||   256
Throw: Tomahawk          |     9 |    12 |     6 ||    27
Evoke: Wand              |       |     6 |    21 ||    27
  Use: Scroll            |     6 |     7 |     4 ||    17
       Potion            |     9 |     3 |    11 ||    23
 Stab: Sleeping          |     4 |     7 |     9 ||    20
       Paralysed         |       |     1 |       ||     1
       Invisible         |       |     2 |     4 ||     6
       Distracted        |       |       |     3 ||     3
